 Dungeon Crawl Stone Soup version 0.29.0-11-gd7f09526c8 (webtiles) character file.

Game seed: 13629199411049198260

709 Sabo the Magician (level 7, -1/37 HPs)
             Began as a Deep Elf Air Elementalist on Sept 6, 2022.
             Was a Believer of Ignis.
             Slain by an iguana (10 damage)
             ... on level 4 of the Dungeon on Sept 7, 2022.
             The game lasted 00:41:46 (6589 turns).

Sabo the Magician (Deep Elf Air Elementalist)       Turns: 6589, Time: 00:41:46

Health: -1/37      AC:  3    Str:  5    XL:     7   Next: 40%
Magic:  18/18      EV: 13    Int: 22    God:    Ignis [**....]
Gold:   173        SH:  0    Dex: 15    Spells: 13/18 levels left

rFire   + . .      SeeInvis .   y - +0 spear (vorpal)
rCold   + . .      Faith    .   (no shield)
rNeg    . . .      Spirit   .   a - +0 robe
rPois   .          Reflect  .   n - +0 helmet
rElec   .          Harm     .   (no cloak)
rCorr   .          Rampage  .   (no gloves)
Will    .....                   (no boots)
Stlth   +++.......              (no amulet)
HPRegen 0.12/turn               d - ring of protection from cold
MPRegen 0.16/turn               k - ring of wizardry

@: no status effects
A: no striking features
a: Renounce Religion, Fiery Armour, Foxfire Swarm, Rising Flame


You were on level 4 of the Dungeon.
You worshipped Ignis.
Ignis was pleased with you.
You visited 1 branch of the dungeon, and saw 4 of its levels.

You collected 173 gold pieces.

Inventory:

Hand Weapons
 c - a +2 dagger of speed
 y - a +0 vorpal spear (weapon)
Missiles
 j - a throwing net
 p - 4 poisoned darts
 q - 3 boomerangs
Armour
 a - a +0 robe (worn)
 n - a +0 helmet (worn)
 z - the +5 ring mail of the Spheres {Rampage rF- Regen+ rCorr}
   (You took it off a goblin on level 4 of the Dungeon)

   rF:        It makes you vulnerable to fire.
   Regen:     It increases your rate of health regeneration.
   rCorr:     It protects you from acid and corrosion.
   Rampage:   It bestows one free step when moving towards enemies.
Magical Staves
 i - a staff of cold
 A - a staff of cold
Jewellery
 d - a ring of protection from cold (left hand)
 k - a ring of wizardry (right hand)
 r - a ring of protection from cold
Wands
 f - a wand of paralysis (7)
 o - a wand of roots (7)
 v - a wand of light (6)
 w - a wand of flame (25)
Scrolls
 g - a scroll of blinking
 l - a scroll of butterflies {unknown}
 u - a scroll of fear {unknown}
Potions
 b - 2 potions of magic
 e - 2 potions of mutation {unknown}
 h - a potion of invisibility
 m - a potion of brilliance
 s - a potion of flight {unknown}
 t - a potion of might {unknown}
 x - a potion of curing {unknown}


   Skills:
 + Level 0.8 Fighting
 + Level 2.4 Short Blades
 + Level 0.1 Polearms
 + Level 3.1 Dodging
 + Level 3.8 Stealth
 + Level 6.1 Spellcasting
 + Level 4.3 Conjurations
 + Level 4.9 Air Magic


You had 13 spell levels left.
You knew the following spells:

 Your Spells              Type           Power      Damage    Failure   Level
a - Shock                 Conj/Air       100%       1d9       1%          1
b - Airstrike             Air            14%        2d(2-18)  4%          4

Your spell library contained the following spells:

 Spells                   Type           Power      Damage    Failure   Level
 Static Discharge         Conj/Air       27%        3-7/arc   1%          2
 Swiftness                Air            28%        N/A       1%          3
 Apportation              Tloc           12%        N/A       3%          1
 Necrotise                Necr           24%        1d5       3%          1
 Summon Small Mammal      Summ           24%        N/A       3%          1
 Sublimation of Blood     Necr           6%         N/A       6%          2
 Wereblood                Tmut           6%         N/A       6%          2
 Summon Hydra             Summ           3%         N/A       100%        7


Dungeon Overview and Level Annotations

Branches:
Dungeon (4/15)
 Temple: D:4-7

Altars:
Hepliaklqana
Qazlal
Zin
Ignis


Message History

A - a staff of cold You start resting.
HP restored.
An iguana comes into view.
The iguana barely misses you.
You hit the iguana.
The iguana is moderately wounded.
The iguana misses you.
You closely miss the iguana.
The iguana is moderately wounded.
The iguana bites you!
You closely miss the iguana.
The iguana is moderately wounded.
The iguana completely misses you.
You hit the iguana.
The iguana is severely wounded.
The iguana bites you.
You hit the iguana but do no damage.
The iguana is severely wounded.
The iguana bites you but does no damage.
You hit the iguana.
The iguana is almost dead.
The iguana bites you!
You closely miss the iguana.
The iguana is almost dead.
The iguana bites you!
* * * LOW HITPOINT WARNING * * *
You hit the iguana but do no damage.
The iguana is almost dead.
The iguana closely misses you. The iguana barely misses you.
You barely miss the iguana.
The iguana is almost dead.
The iguana misses you.
You hit the iguana but do no damage.
The iguana is almost dead.
The iguana misses you.
You hit the iguana but do no damage.
The iguana is almost dead.
The iguana bites you!
You die...

##### ######### #...##
#.......# #.#..#
#.#####.#####...#
#.#####.#......## #
#.##......####.###≈≈##
#.##.##.### #.@l.≈≈.#
#.##.##.# ####.≈≈...
#.......# ~~~..
#....##.# ~~.~
#..####.# ...
#....##.# .. ~.
##.##.##.# ... .
#.....##.#....
#.#.#....#....


You could see an iguana.

Vanquished Creatures
  Eustachio (D:4)
  Duvessa (D:4)
  An ogre (D:4)
  Dowan (D:4)
  Terence (D:2)
  Ijyb (D:4)
  Natasha (thrice) (D:3)
  An iguana (D:4)
  6 gnolls
  3 adders
  2 worms (D:2)
  5 endoplasms
  3 giant cockroaches
  13 goblins
  10 hobgoblins
  12 jackals
  8 kobolds
  4 quokkas
  2 ball pythons
  6 bats
  2 frilled lizards
  10 rats
96 creatures vanquished.

Vanquished Creatures (others)
  25 foxfires (D:4)
  5 plants (D:4)
30 creatures vanquished.

Grand Total: 126 creatures vanquished

Notes
Turn   | Place    | Note
-------+----------+-------------------------------------------
     0 | D:1      | Sabo the Deep Elf Air Elementalist began the quest for the
                  | Orb.
     0 | D:1      | Reached XP level 1. HP: 10/10 MP: 6/6
   249 | D:1      | Found a faded altar of an unknown god.
   258 | D:1      | Prayed at the altar of an unknown god.
   258 | D:1      | Became a worshipper of Ignis, the Dying Flame
   298 | D:1      | Reached XP level 2. HP: 15/15 MP: 5/8
  1559 | D:1      | Reached XP level 3. HP: 19/19 MP: 8/10
  2405 | D:2      | Reached skill level 4 in Spellcasting
  3055 | D:2      | Reached XP level 4. HP: 17/24 MP: 12/12
  3162 | D:2      | Noticed Terence
  3177 | D:2      | Killed Terence
  3886 | D:2      | Learned a level 4 spell: Airstrike
  4024 | D:3      | Found a stormy altar of Qazlal.
  4038 | D:3      | Reached skill level 1 in Short Blades
  4043 | D:3      | Reached XP level 5. HP: 18/28 MP: 5/13
  4513 | D:3      | Noticed Natasha
  4515 | D:3      | Found a glowing silver altar of Zin.
  4520 | D:3      | Killed Natasha
  4541 | D:3      | Noticed Natasha
  4551 | D:3      | Killed Natasha
  4580 | D:3      | Noticed Natasha
  4586 | D:3      | Killed Natasha
  4908 | D:3      | Found a hazy altar of Hepliaklqana.
  5122 | D:4      | Noticed an ogre
  5131 | D:4      | Killed an ogre
  5132 | D:4      | Reached XP level 6. HP: 6/33 MP: 10/15
  5407 | D:4      | Noticed Eustachio
  5430 | D:4      | Killed Eustachio
  5431 | D:4      | Reached skill level 5 in Spellcasting
  5504 | D:4      | Noticed Ijyb
  5514 | D:4      | Paralysed by Ijyb for 3 turns
  5523 | D:4      | Killed Ijyb
  5524 | D:4      | Reached XP level 7. HP: 37/37 MP: 10/17
  5581 | D:4      | Noticed Duvessa
  5586 | D:4      | Noticed Dowan
  5611 | D:4      | Killed Duvessa
  5612 | D:4      | Killed Dowan
  5613 | D:4      | Reached skill level 6 in Spellcasting
  6029 | D:4      | Identified the +5 ring mail of the Spheres {Rampage rF-
                  | Regen+ rCorr}
  6589 | D:4      | Slain by an iguana

Illustrated notes

Levels and vault maps discovered:
D:1:      elethiomel_arrival_diamonds, layout_basic,
          ebering_ecumenical_altar_box, minmay_pentomino_r4
D:2:      kennysheep_the_goblin_king, layout_loops_ring, nicolae_titane,
          uniq_terence
D:3:      layout_basic, nicolae_qazlal_scattered_showers,
          mainiacjoe_overflow_catwalk, nicolae_overflow_crystal_walls,
          uniq_natasha
D:4:      layout_loops_cross, minmay_temple_entry_waves, serial_glass,
          glass_columns_a, glass_columns_b, glass_columns_a, glass_columns_a,
          glass_columns_b, glass_columns_a, serial_bayou_pond_b,
          chequers_serial_rivers_small_3, uniq_eustachio, uniq_duvessa,
          uniq_ijyb

Skill      XL: |  1  2  3  4  5  6  7 |
---------------+----------------------+-----
Spellcasting   | 4 5 6 |  6.1
Stealth        | 3 |  3.8
Air Magic      | 4 |  4.9
Short Blades   | 1 2 |  2.4
Conjurations   | 2 3 4 |  4.3
Dodging        | 3 |  3.1
Fighting       | |  0.8
Polearms       | |  0.1

Action                   |  1- 3 |  4- 6 |  7- 9 || total
-------------------------+-------+-------+-------++-------
Melee: Short sword       |    26 |       |       ||    26
       Spear             |    26 |       |    33 ||    59
       Punch             |     1 |       |       ||     1
       Dagger            |       |    45 |    36 ||    81
 Cast: Shock             |    74 |    98 |     9 ||   181
       Airstrike         |       |       |     2 ||     2
Invok: Fiery Armour      |       |     2 |     1 ||     3
       Foxfire Swarm     |       |     1 |     2 ||     3
Evoke: Wand              |       |       |     4 ||     4
  Use: Scroll            |     4 |     1 |       ||     5
       Potion            |     1 |       |     1 ||     2
 Stab: Sleeping          |     1 |       |       ||     1
Armor: Robe              |    10 |     4 |    14 ||    28
Dodge: Dodged            |    35 |    32 |    41 ||   108
